 Dungeon Crawl Stone Soup version 0.29.0-11-gd7f09526c8 (webtiles) character file.

Game seed: 561165995558277857

163 VictoriousLee the Chopper (level 5, -2/40 (41) HPs)
             Began as a Formicid Abyssal Knight on Sept 3, 2022.
             Was a Priest of Lugonu.
             Slain by Crazy Yiuf
             ... wielding a +4 quarterstaff of chaos
              (7 damage)
             ... on level 3 of the Dungeon.
             The game lasted 00:07:25 (2967 turns).

VictoriousLee the Chopper (Formicid Abyssal Knight) Turns: 2967, Time: 00:07:27

HP:   -2/40 (41)    AC:  6    Str: 20    XL:     5   Next: 72%
MP:   6/6           EV: 10    Int:  9    God:    Lugonu [***...]
Gold: 160           SH:  0    Dex: 14    Spells: 4/4 levels left

rFire   . . .      SeeInvis +   a - +1 hand axe
rCold   . . .      Faith    .   (no shield)
rNeg    . . .      Spirit   .   v - +0 scale mail
rPois   .          Reflect  .   (helmet unavailable)
rElec   .          Harm     .   (no cloak)
rCorr   .          Rampage  .   (no gloves)
Will    .....                   (no boots)
Stlth   ..........              x - amulet of the acrobat
HPRegen 0.13/turn               (no ring)
MPRegen 0.10/turn               (no ring)

@: lightly drained
A: permanent stasis, dig shafts and tunnels, antennae 3, four strong arms
a: Dig, Shaft Self, Renounce Religion, Depart the Abyss, Bend Space, Banish


You were on level 3 of the Dungeon.
You worshipped Lugonu.
Lugonu was most pleased with you.
You visited 1 branch of the dungeon, and saw 3 of its levels.
You visited the Abyss 1 time.

You collected 160 gold pieces.

Inventory:

Hand Weapons
 a - a +1 hand axe (weapon)
 c - a +1 dagger of venom
 u - a +0 hand axe
Missiles
 f - 34 stones
 k - 2 curare-tipped darts
Armour
 b - a +0 leather armour
 p - an orb of guile
 v - a +0 scale mail (worn)
Jewellery
 x - an amulet of the acrobat (around neck)
Scrolls
 g - 4 scrolls of teleportation {unknown}
 h - a scroll of enchant weapon {unknown}
 i - a scroll of silence {unknown}
 j - 4 scrolls of identify {unknown}
 m - a scroll of fog {unknown}
 o - 2 scrolls of fear {unknown}
 q - a scroll of poison {unknown}
 s - a scroll of amnesia {unknown}
 t - a scroll of blinking {unknown}
 w - a scroll of noise {unknown}
Potions
 d - a potion of brilliance
 e - a potion of heal wounds
 l - a potion of mutation {unknown}
 n - 2 potions of haste {unknown}
 r - a potion of invisibility {unknown}


   Skills:
 - Level 3.2 Fighting
 + Level 5.5 Axes
 - Level 2.1 Armour
 - Level 0.8 Dodging
 - Level 2.1 Invocations


You had 4 spell levels left.
You didn't know any spells.
Your spell library contained the following spells:

 Spells                   Type           Power      Damage    Failure   Level
 Ensorcelled Hibernation  Hex/Ice        0%         N/A       87%         2
 Spider Form              Tmut/Pois      0%         N/A       98%         3
 Anguish                  Hex/Necr       0%         N/A       100%        4


Dungeon Overview and Level Annotations

Branches:
Dungeon (3/15)

Altars:
Xom
Zin

Annotations:
D:3 Crazy Yiuf


Innate Abilities, Weirdness & Mutations

You cannot be hasted, slowed, berserked, paralysed or teleported.
You can dig through walls and to a lower floor.
You have a pair of large antennae on your head. (SInv)
Your four strong arms can wield two-handed weapons with a shield.


Message History

A kobold comes into view. It is wielding a +0 short sword.
The kobold shouts!
The kobold throws a stone.
The stone completely misses you. The kobold closely misses you.
You hit the kobold.
The kobold is severely wounded.
The kobold hits you but does no damage.
You hit the kobold.
You kill the kobold!
Lugonu accepts your kill.
f - 34 stones (gained 1)
Things that are here:
a +0 short sword; a kobold corpse
There is an open door here.
You open the door.
Things that are here:
a +0 dagger; a +0 dagger
Things that are here:
a +0 dagger; a +0 sling; a +0 dagger
Items here: )))).
Items here: ))) [[[.
Found a hammer.
Found a runed translucent door.
Crazy Yiuf shouts!
You open the door. You hit Crazy Yiuf but do no damage.
Crazy Yiuf closely misses you.
You slash Crazy Yiuf!
Crazy Yiuf is heavily wounded.
Crazy Yiuf hits you with a +4 quarterstaff of chaos!
Crazy Yiuf freezes you.
You slash Crazy Yiuf!
Crazy Yiuf is almost dead.
Crazy Yiuf hits you with a +4 quarterstaff of chaos!
You barely miss Crazy Yiuf.
Crazy Yiuf is almost dead.
Crazy Yiuf hits you with a +4 quarterstaff of chaos!
* * * LOW HITPOINT WARNING * * *
Crazy Yiuf freezes you.
* * * LOW HITPOINT WARNING * * *
Crazy Yiuf hits you with a +4 quarterstaff of chaos!
You die...

.............##......#
#....
....##...............#
#....
.....#.####..........#
##... .#...#.#
############ #.#.
.#...#.### ######.#.
.........# #.......>
.#.....### ###
♣♣##..###.#. .###.#.#
#)..#♣♣ ♣♣P....# #.#)
.....#.#
#...g@♣♣♣♣PP....###...
##....##
#...#♣..♣.PP....##..##
..##..# ###
♣♣♣.♣....##)#..##
####..##
♣♣♣♣♣###)##..##
###...### #.).).###
##.......########
#####)#######
................#
##....#.......
...#............#
#.....#.......
.##.............#
#.#...#.......


You could see Crazy Yiuf.

Vanquished Creatures
  An orc wizard (D:3)
  Robin (D:3)
  5 adders
  2 worms
  2 dart slugs
  2 orcs (D:3)
  6 ball pythons
  5 bats
  6 endoplasms
  12 goblins
  7 hobgoblins
  4 jackals (D:3)
  A quokka (D:1)
  11 kobolds
  4 rats
69 creatures vanquished.

Vanquished Creatures (others)
  A fungus (D:1)
  56 plants (D:1)
57 creatures vanquished.

Grand Total: 126 creatures vanquished

Notes
Turn   | Place    | Note
-------+----------+-------------------------------------------
     0 | Abyss:1  | VictoriousLee the Formicid Abyssal Knight began the quest
                  | for the Orb.
     0 | Abyss:1  | Reached XP level 1. HP: 18/18 MP: 2/2
     3 | D:1      | Escaped the Abyss
    98 | D:1      | Reached XP level 2. HP: 20/24 MP: 3/3
   425 | D:1      | Reached skill level 3 in Axes
   531 | D:1      | Reached XP level 3. HP: 29/29 MP: 4/4
   727 | D:1      | Found a faded altar of an unknown god.
   875 | D:2      | Reached *** piety under Lugonu
  1470 | D:2      | Reached skill level 4 in Axes
  1470 | D:2      | Reached XP level 4. HP: 26/35 MP: 5/5
  2105 | D:3      | Found a glowing silver altar of Zin.
  2116 | D:3      | Noticed an angel
  2119 | D:3      | Found a shimmering altar of Xom.
  2450 | D:3      | Noticed Robin
  2461 | D:3      | Reached XP level 5. HP: 31/41 MP: 6/6
  2497 | D:3      | Reached skill level 5 in Axes
  2499 | D:3      | Killed Robin
  2959 | D:3      | Found a runed translucent door.
  2960 | D:3      | Noticed Crazy Yiuf
  2967 | D:3      | Slain by Crazy Yiuf

Illustrated notes

Levels and vault maps discovered:
D:1:      roderic_crop_circles_arrival_small, layout_basic,
          dreamdust_ecumenical_altar_grove, dreamdust_wishing_well,
          nrook_mini_backslash, amcnicky_mini_corridor_feature,
          hangedman_decor_points
D:2:      minmay_kobold_bridge, layout_basic
D:3:      layout_basic, grunt_temple_overflow_order_and_chaos_1, uniq_robin,
          uniq_crazy_yiuf_cottage

Skill      XL: |  1  2  3  4  5 |
---------------+----------------+-----
Axes           | 3 4 5 |  5.5
Fighting       | |  3.2
Armour         | |  2.1
Dodging        | |  0.8
Invocations    | |  2.1

Action                   |  1- 3 |  4- 6 || total
-------------------------+-------+-------++-------
Melee: Hand axe          |   132 |   144 ||   276
       Punch             |     3 |     2 ||     5
 Abil: Dig               |       |     2 ||     2
  Use: Potion            |       |     2 ||     2
 Stab: Sleeping          |       |     1 ||     1
Armor: Leather armour    |    19 |    29 ||    48
       Scale mail        |       |    10 ||    10
Dodge: Dodged            |    48 |    70 ||   118
